 Dungeon Crawl Stone Soup version 0.31-a0-1227-g0136665373 (webtiles) character file.

Game seed: 4205420789992027897

126 gelatine the Trooper (level 4, 0/35 HPs)
             Began as a Demonspawn Fighter on Dec 15, 2023.
             Slain by an orc
             ... wielding a +0 mace
              (4 damage)
             ... on level 4 of the Dungeon.
             The game lasted 00:05:36 (2859 turns).

gelatine the Trooper (Demonspawn Fighter)           Turns: 2859, Time: 00:05:37

Health: 0/35       AC:  6    Str: 18    XL:     4   Next: 83%
Magic:  4/4        EV:  9    Int:  8    God:
Gold:   16         SH:  4    Dex: 13    Spells: 1/3 levels left

rFire   . . .        a - +0 war axe
rCold   . . .        c - +0 buckler
rNeg    . . .        b - +0 scale mail
rPois   .            (no helmet)
rElec   .            (no cloak)
rCorr   .            (no gloves)
SInv    .            (no boots)
Will    .....        (no amulet) Stlth
                     (no ring)
HPRegen 0.25/turn    (no ring)
MPRegen 0.09/turn

%: no passive effects
@: attractive
A: foul stench 1, screaming 1
a: no special abilities


You were on level 4 of the Dungeon.
You visited 2 branches of the dungeon, and saw 5 of its levels.

You collected 176 gold pieces.
You spent 160 gold pieces at shops.

Inventory:

Hand Weapons
 a - a +0 war axe (weapon)
Missiles
 n - 2 javelins (quivered)
Armour
 b - a +0 scale mail (worn)
 c - a +0 buckler (worn)
 f - a +0 tower shield
Jewellery
 l - a ring of protection from fire
Talismans
 q - a beast talisman
Scrolls
 g - 2 scrolls of identify {unknown}
 k - 4 scrolls of teleportation {unknown}
 m - a scroll of enchant weapon {unknown}
 r - a scroll of summoning {unknown}
Potions
 d - 2 potions of might
 e - a potion of mutation
 h - a potion of magic {unknown}
 i - a potion of lignification {unknown}
 j - 2 potions of attraction
 o - a potion of curing {unknown}
 p - 2 potions of degeneration {unknown}
 s - a potion of berserk rage {unknown}


   Skills:
 * Level 3.4 Fighting
 * Level 2.7 Axes
 * Level 0.1 Throwing
 * Level 3.3 Armour
 * Level 0.8 Dodging
 * Level 0.6 Stealth
 * Level 3.2 Shields
 * Level 0.3 Spellcasting
 * Level 0.2 Translocations
 * Level 0.1 Shapeshifting


You had one spell level left.
You knew the following spells:

 Your Spells              Type           Power      Damage    Failure   Level
a - Blink                 Tloc           0%         N/A       92%         2

Your spell library contained the following spells:

 Spells                   Type           Power      Damage    Failure   Level
 Anguish                  Hex/Necr       0%         N/A       100%        4
 Cause Fear               Hex            0%         N/A       100%        4
 Manifold Assault         Tloc           0%         N/A       100%        4
 Enfeeble                 Hex            0%         N/A       100%        7


Dungeon Overview and Level Annotations

Branches:
Dungeon (4/15)             Temple (1/1) D:4

Altars:
Cheibriados
Dithmenos
Fedhas
Hepliaklqana
Makhleb
Okawaru
Qazlal
Ru
Sif Muna
Uskayaw
Wu Jian
Xom
Yredelemnul

Shops:
D:1 :   D:2 [


Innate Abilities, Weirdness & Mutations

You may rarely emit foul miasma when damaged in melee.
You occasionally shout uncontrollably at your foes.


Message History

You miss something.
An orc wizard appears from thin air!
Reactivating autopickup.
The orc wizard hits you with a +0 dagger.
* * * LOW HITPOINT WARNING * * *
The orc wizard hits you with a +0 dagger.
* * * LOW HITPOINT WARNING * * *
You emit a cloud of foul miasma!
You closely miss the orc wizard.
The orc wizard is engulfed in dark miasma.
The orc wizard is poisoned.
The orc wizard casts a spell at you.
You are confused.
You bump into the rock wall.
The orc wizard is engulfed in dark miasma.
The orc wizard looks even sicker.
You kill the orc wizard!
You bump into the rock wall.
It was a potion of mutation.
You feel extremely strange.
You feel the urge to shout.
It was a potion of attraction.
You feel attractive to monsters. The orc is attracted toward you. x2
You bump into the rock wall.
You feel less confused. The orc barely misses you.
The orc is engulfed in dark miasma.
The orc is poisoned.
You hit the orc.
The orc is moderately wounded.
The orc hits you but does no damage.
The orc is engulfed in dark miasma.
The orc looks even sicker.
You kill the orc!
You block the orc's attack.
You closely miss the orc.
The orc is moderately wounded.
The orc hits you with a +0 mace.
* * * LOW HITPOINT WARNING * * *
You closely miss the orc.
The orc is moderately wounded.
The orc hits you with a +0 mace.
You die...

#.# ###.## #.#
..... #.#######
....## #........
..... ##.#.#.###
...# #......# ..#
##.#.#.## #)#
#.......### #o#
..#.8.#...### #@#
#.......#...####)#
..8.>.8...#...##$#
#.......#...##.#.#
..#.8.#....####..#
#..........#
#.......#
##.#.#.#..##
#.#######
.......#†#.# .##
##..#...##....#


You could see an orc.

Vanquished Creatures
  An orc wizard (D:4)
  An adder (D:3)
  8 orcs
  3 ball pythons
  3 endoplasms
  2 giant cockroaches
  8 goblins
  6 hobgoblins
  7 jackals (D:1)
  8 kobolds
  4 quokkas
  5 bats
  7 frilled lizards
  2 rats (D:1)
65 creatures vanquished.

Vanquished Creatures (others)
  An orc wizard (D:4)
1 creature vanquished.

Grand Total: 66 creatures vanquished

Notes
Turn   | Place    | Note
-------+----------+-------------------------------------------
     0 | D:1      | gelatine the Demonspawn Fighter began the quest for the
                  | Orb.
     0 | D:1      | Reached XP level 1. HP: 18/18 MP: 1/1
    40 | D:1      | Gained mutation: You may rarely emit foul miasma when
                  | damaged in melee. [demonic ancestry]
    40 | D:1      | Reached XP level 2. HP: 24/24 MP: 2/2
   509 | D:1      | Reached XP level 3. HP: 29/29 MP: 3/3
   798 | D:1      | Found Repah's Book Boutique.
  1051 | D:2      | Found a faded altar of an unknown god.
  1076 | D:2      | Found Ytuiteukk's Antique Armour Shoppe.
  1776 | D:3      | Found a shadowy altar of Dithmenos.
  1943 | D:3      | Reached XP level 4. HP: 30/35 MP: 4/4
  2720 | D:1      | Bought an Inescapable Atlas for 160 gold pieces
  2723 | D:1      | Learned a level 2 spell: Blink
  2781 | D:4      | Found a staircase to the Ecumenical Temple.
  2790 | Temple   | Entered the Ecumenical Temple
  2854 | D:4      | Gained mutation: You occasionally shout uncontrollably at
                  | your foes. [potion of mutation]
  2859 | D:4      | Slain by an orc

Illustrated notes

Levels and vault maps discovered:
D:1:      evilmike_arrival_plus, layout_basic, serial_shops, shop,
          minmay_hedge_maze
D:2:      layout_basic, serial_curves, eino_curves_04, eino_curves_02,
          serial_shops, nicolae_shop_hallway_plus, basic_ecumenical_altar
D:3:      layout_loops_ring, mainiacjoe_overflow_alcove_2, st_stairs_6,
          kennysheep_cross_room, kennysheep_path_1
D:4:      layout_loops_ring, minmay_temple_entry_sparse_star,
          minmay_quadrilaterals
Temple:   eino_narrow_crystal_temple

Skill      XL: |  1  2 |
---------------+-------+-----
Shields        | 3 |  3.2
Armour         | 3 |  3.3
Axes           | 2 |  2.7
Fighting       | |  3.4
Throwing       | |  0.1
Dodging        | |  0.8
Stealth        | |  0.6
Spellcasting   | |  0.3
Translocations | |  0.2
Shapeshifting  | |  0.1

Action                     |  1- 3 |  4- 6 || total
---------------------------+-------+-------++-------
  Melee: War axe           |   213 |    69 ||   282
  Throw: Javelin           |     2 |       ||     2
    Use: Potion            |       |     2 ||     2
 Armour: Scale mail        |   121 |    67 ||   188
  Dodge: Dodged            |    64 |    33 ||    97
  Block: Buckler           |    59 |    16 ||    75

Table legend: (Time is in decaauts)
 A = Elapsed time spent in this place.
 B = Non-inter-level travel time spent in this place.
 C = Inter-level travel time spent in this place.
 D = Time resting spent in this place.
 E = Time spent auto-exploring this place.
 F = Levels seen in this place.
 G = Mean time per level.
                   A        B        C        D        E       F      G
               +--------+--------+--------+--------+--------+-----+--------+
         Total |   2984 |   2817 |    167 |      0 |   2035 |   5 |  596.8 |
       Dungeon |   2982 |   2815 |    167 |      0 |   2035 |   4 |  745.5 |
        Temple |      1 |      1 |      0 |      0 |      0 |   1 |    1.0 |
               +--------+--------+--------+--------+--------+-----+--------+

Top non-repeatable levels by time:
     D:1: 1115 daAuts
     D:3: 1012 daAuts
     D:2: 743 daAuts
     D:4: 111 daAuts
  Temple: 1 daAuts
